AoeStats
← TheAlaskanBullworm

Black Forest

506272986Analyzed
1v1 RM · 21d ago on Sep 13, 2026· 61m 23s· 2 players
Game mode
Random Map
Map size
Tiny (2 player)
Population
200
Speed
Normal
Resources
Standard
Victory
Conquest
Starting age
Dark Age
Ending age
Imperial Age
RankedLock teamsTeams togetherTeam positionsShared explorationLock speedFull tech treeHidden civsTurbo modeCheats
Victory
Defeat
🇺🇸 Khmer · United States
693
+16
🇨🇳 Bengalis · China
697
-16
TheAlaskanBullworm
2:44 Loom
11:49 Feudal Age
13:03 Double-Bit Axe
13:10 Horse Collar
20:26 Castle Age
23:52 Scale Barding Armor
23:58 Forging
25:16 Bow Saw
25:11 Stone Mining
25:12 Gold Mining
25:52 Heavy Plow
28:17 Town Watch
29:07 Wheelbarrow
29:54 Iron Casting
31:03 Chain Barding Armor
31:40 Fletching
32:31 Gold Shaft Mining
32:32 Stone Shaft Mining
32:37 Bodkin Arrow
34:30 Town Patrol
35:34 Hand Cart
35:35 Husbandry
35:46 Bloodlines
34:57 Light Cavalry
39:07 Imperial Age
36:44 Tusk Swords
39:24 Ballistics
39:02 Murder Holes
39:16 Scale Mail Armor
39:17 Padded Archer Armor
41:26 Plate Barding Armor
41:52 Blast Furnace
40:52 Bracer
41:08 Chain Mail Armor
41:09 Leather Archer Armor
41:28 Crop Rotation
40:29 Hussar
42:13 Chemistry
41:41 Conscription
42:24 Medium Warships
42:16 Elite Battle Elephant
44:38 Double Crossbow
44:02 Heavy Scorpion
46:18 Capped Ram
46:19 Onager
47:49 Ring Archer Armor
47:06 Pikeman
47:06 Man-at-Arms
47:33 Arson
47:46 Guard Tower
48:15 Siege Engineers
47:56 Elite Cannon Galleon
48:21 Long Swordsman
51:23 Siege Ram
53:02 Halberdier
53:42 Two-Handed Swordsman
57:30 Cavalier
梅川酷子
0:32 Loom
14:22 Feudal Age
15:12 Town Watch
18:22 Horse Collar
18:30 Double-Bit Axe
19:46 Wheelbarrow
21:25 Castle Age
24:14 Hand Cart
23:59 Fishing Lines
24:39 Heavy Plow
25:01 Bow Saw
29:06 Gillnets
29:53 Gold Mining
29:57 Stone Mining
32:51 Gold Shaft Mining
33:08 Town Patrol
33:21 Scale Barding Armor
33:26 Forging
33:16 Scale Mail Armor
33:07 Fletching
33:17 Padded Archer Armor
36:57 Imperial Age
36:15 Squires
35:35 Pikeman
36:01 Gambesons
35:36 Man-at-Arms
36:02 Arson
35:41 Crossbowman
35:41 Elite Skirmisher
36:33 Bloodlines
36:23 Husbandry
35:44 Light Cavalry
37:02 Iron Casting
36:42 Chain Mail Armor
36:47 Chain Barding Armor
36:22 Bodkin Arrow
36:42 Leather Archer Armor
38:20 Chain Barding Armor
39:00 Blast Furnace
38:00 Bracer
38:15 Leather Archer Armor
39:29 Two-Man Saw
39:02 Crop Rotation
38:54 Conscription
38:55 Mahayana
38:40 Paiks
37:55 Elite Ratha (Ranged)
37:58 Halberdier
37:58 Long Swordsman
40:31 Plate Barding Armor
40:26 Ring Archer Armor
39:21 Elite Battle Elephant
40:23 Ballistics
39:44 Treadmill Crane
40:14 Masonry
41:05 Chemistry
40:01 Murder Holes
40:31 Siege Engineers
39:55 Elite Elephant Archer
40:01 Two-Handed Swordsman
40:45 Devotion
40:55 Fervor
41:05 Sanctity
41:24 Champion
41:27 Siege Elephant
41:27 Onager
42:35 Faith
42:13 Herbal Medicine
44:51 Arbalester
44:53 Heavy Scorpion
46:06 Architecture
46:11 Guilds
46:33 Fortified Wall
50:28 Elite Ratha (Ranged)
Connection lost

Rejoining the realm…

Still unreachable

The connection could not be restored.

Session expired

The server has moved on; the page needs a fresh start.